 Dungeon Crawl Stone Soup version 0.30.1-11-g7821555f0a (webtiles) character file.

Game seed: 7558241099432742627

10844 porpoise the Marksminotaur (level 11, -15/87 HPs)
             Began as a Minotaur Hunter on Dec 26, 2023.
             Was a Believer of Hepliaklqana.
             Hit by a large rock thrown by a cyclops (36 damage)
             ... on level 1 of the Orcish Mines on Dec 27, 2023.
             The game lasted 00:33:10 (8199 turns).

porpoise the Marksminotaur (Minotaur Hunter)        Turns: 8199, Time: 00:33:11

Health: -15/87     AC: 14    Str: 11    XL:     11   Next: 41%
Magic:  13/13      EV: 14    Int:  6    God:    Hepliaklqana [**....]
Gold:   555        SH:  0    Dex: 18    Spells: 10/10 levels left

rFire   . . .        a - +4 longbow (drain)
rCold   . . .        (shield currently unavailable)
rNeg    . . .        l - +2 troll leather armour {Snorg}
rPois   .            (helmet restricted)
rElec   +            o - +1 cloak
rCorr   +            N - +0 pair of gloves of Egalitarianism {rElec rCorr Str-5 Slay+5}
SInv    +            (no boots)
Will    .....        J - amulet of regeneration
Stlth   ++           n - ring of see invisible
HPRegen 1.94/turn    x - +4 ring of protection
MPRegen 0.13/turn

%: no passive effects
@: invisible
A: reduced essence, horns 2, retaliatory headbutt
a: Renounce Religion, Recall Ancestor, Ancestor Identity


You were on level 1 of the Orcish Mines.
You worshipped Hepliaklqana.
Hepliaklqana was pleased with you.
You visited 3 branches of the dungeon, and saw 11 of its levels.
You also visited: Sewer and Ossuary.

You collected 705 gold pieces.
You spent 150 gold pieces at shops.

Inventory:

Hand Weapons
 a - a +4 longbow of draining (weapon)
 b - a +1 hand axe of draining
 w - a +0 vampiric war axe
Missiles
 c - 22 poisoned darts
 v - 5 silver boomerangs
 B - 5 boomerangs
 P - 6 curare-tipped darts
Armour
 h - a +0 ring mail
 l - a +2 troll leather armour (worn) {Snorg}
 o - a +1 cloak (worn)
 K - a +2 buckler of reflection
 N - the +0 pair of gloves of Egalitarianism (worn) {rElec rCorr Str-5 Slay+5}
   (You found it on level 9 of the Dungeon)

   Str:       It affects your strength (-5).
   Slay:      It affects your accuracy & damage with ranged weapons and melee
   (+5).
   rElec:     It insulates you from electricity.
   rCorr:     It protects you from acid and corrosion.
Jewellery
 j - a +6 ring of intelligence
 n - a ring of see invisible (left hand)
 q - a ring of wizardry
 x - a +4 ring of protection (right hand)
 J - an amulet of regeneration (around neck)
 L - an amulet of faith
 T - a ring of poison resistance
Wands
 u - a wand of roots (12)
 C - a wand of flame (17)
 M - a wand of digging (6)
 O - a wand of quicksilver (4)
Scrolls
 d - 4 scrolls of immolation
 e - a scroll of enchant armour
 i - 4 scrolls of noise
 s - a scroll of teleportation
 y - a scroll of blinking {unknown}
 A - a scroll of amnesia
 D - a scroll of poison
 G - 4 scrolls of vulnerability
 Q - a scroll of torment {unknown}
 R - a scroll of enchant weapon {unknown}
 U - a scroll of butterflies
Potions
 f - 3 potions of mutation
 g - 3 potions of flight
 k - 2 potions of attraction
 m - 6 potions of curing
 p - 2 potions of haste
 z - 4 potions of might
 E - 5 potions of heal wounds
 F - a potion of invisibility
 H - 2 potions of lignification
 S - a potion of berserk rage {unknown}


   Skills:
 - Level 9.0 Fighting
 - Level 6.0 Axes
 * Level 15.0 Ranged Weapons
 - Level 7.0 Armour
 - Level 4.6 Dodging
 - Level 0.7 Stealth
 - Level 5.0 Invocations


You had 10 spell levels left.
You didn't know any spells.
Your spell library contained the following spells:

 Spells                   Type           Power      Damage    Failure   Level
 Foxfire                  Conj/Fire      0%         2x1d4     54%         1
 Magic Dart               Conj           0%         1d3       54%         1
 Summon Small Mammal      Summ           0%         N/A       54%         1
 Blink                    Tloc           0%         N/A       67%         2
 Call Imp                 Summ           0%         N/A       67%         2
 Cigotuvi's Dreadful Rot  Necr/Pois/Air  0%         N/A       67%         2
 Lesser Beckoning         Tloc           0%         N/A       67%         2
 Momentum Strike          Conj/Tloc      0%         3d8       67%         2
 Scorch                   Fire           0%         2d5       67%         2
 Searing Ray              Conj           0%         2d4       67%         2
 Call Canine Familiar     Summ           0%         N/A       88%         3
 Ignite Poison            Fire/Tmut/Pois 0%         N/A       88%         3
 Mephitic Cloud           Conj/Pois/Air  0%         N/A       88%         3
 Ozocubu's Armour         Ice            0%         N/A       88%         3
 Summon Guardian Golem    Hex/Summ       0%         N/A       88%         3
 Flame Wave               Conj/Fire      0%         2d4       99%         4
 Fulminant Prism          Conj/Hex       0%         3d5       99%         4
 Freezing Cloud           Conj/Ice/Air   0%         6-21      100%        5
 Metabolic Englaciation   Hex/Ice        0%         N/A       100%        5
 Simulacrum               Ice/Necr       0%         N/A       100%        6
 Summon Cactus Giant      Summ           0%         N/A       100%        6


Dungeon Overview and Level Annotations

Branches:
Dungeon (9/15)             Temple (1/1) D:4             Orc (1/2) D:9
  Sewer (visited)         Ossuary (visited)
   Lair: D:8-11

Altars:
Cheibriados
Dithmenos
Elyvilon
Fedhas
Gozag
Hepliaklqana
Kikubaaqudgha
Makhleb
Nemelex Xobeh
Qazlal
Ru
Sif Muna
Trog
Uskayaw
Vehumet
Wu Jian
Xom
Yredelemnul
Zin
The Shining One

Shops:
D:1 (   D:7 *!   D:8 ?

Annotations:
D:2 exclusion: upstairs
D:3 exclusion: statue


Innate Abilities, Weirdness & Mutations

Your life essence is reduced to manifest your ancestor. (-10% HP)
You have a pair of horns on your head.
You reflexively headbutt those who attack you in melee.


Message History

You start waiting.
A warg comes into view.
You shoot an arrow. The warg howls!
The arrow hits the warg!
The warg is moderately wounded.
You shoot an arrow. The arrow barely misses the warg.
A wolf comes into view.
A cyclops comes into view.
You shoot an arrow. The wolf howls!
The arrow hits the warg!!
You drain the warg.
You kill the warg!
You hear a shout! x2
An orc warrior comes into view. It is wielding a +1 halberd of venom.
The cyclops throws a large rock.
The large rock hits you!!!
You shoot an arrow. The arrow hits the wolf!!
You kill the wolf!
You shoot an arrow. The arrow hits the orc warrior!
The orc warrior is heavily wounded.
You shoot an arrow. The arrow hits the orc warrior!
You kill the orc warrior!
A troll comes into view.
A cyclops comes into view.
You shoot an arrow. The arrow hits the cyclops!
You drain the cyclops!
The cyclops is heavily wounded.
You hear a shout! x2
An orc comes into view. It is wielding a +0 short sword.
You shoot an arrow. The arrow hits the cyclops!
You drain the cyclops.
The cyclops is almost dead.
A cyclops comes into view.
You shoot an arrow. The arrow hits the cyclops!
You kill the cyclops!
The cyclops throws a large rock.
The large rock hits you!!!
* * * LOW HITPOINT WARNING * * *
You hear a shout!
Your Ranged Weapons skill increases to level 15!
You are too injured to fight recklessly!
Unknown command.
You fade into invisibility!
The cyclops throws a large rock.
The large rock hits you!!!
You die...

# #######.## ###
#.#######......... ..#
###..#........P......
#####.#.)................
#.#...†...(.........))...
.....P.............$.....
...........).....$..)..C.
................@.).T(†C.
.....................o...
.....<................$..
......##...........######
...>..#.#.......#.##.##
).....................#
.^...................##
>...................##
............###.#####


You could see 2 cyclopes, a troll (unable to see you) and an orc (unable to see
you).

Vanquished Creatures
  An ettin (Orc:1)
  Snorg (Orc:1)
  A hydra (D:8)
  A two-headed ogre (D:8)
  Pikel (D:5)
  2 cyclopes (Orc:1)
  A gargoyle (D:8)
  Psyche (D:8)
  9 yaks (D:9)
  3 wargs (Orc:1)
  2 water moccasins (D:8)
  5 orc warriors
  2 sky beasts
  2 black bears
  2 ice beasts
  6 ogres
  A wolf (Orc:1)
  5 centaurs
  A lemure (D:5)
  A kobold brigand (D:9)
  3 scorpions
  A bullfrog (D:7)
  3 gnoll sergeants
  12 killer bees
  A howler monkey (D:6)
  5 hounds (D:5)
  10 orc priests
  2 jellies (D:8)
  2 gnoll boudas
  Jessica (D:3)
  2 iguanas
  Ijyb (D:3)
  A sleepcap (D:7)
  8 orc wizards
  A hell rat (Sewer)
  Robin (D:3)
  8 mummies (Ossuary)
  6 adders
  6 gnolls
  3 river rats (Sewer)
  2 shadow imps
  A white imp (D:6)
  A worm (D:3)
  2 dart slugs (D:1)
  47 orcs
  10 ball pythons
  8 bats
  6 endoplasms
  5 giant cockroaches
  16 goblins
  9 hobgoblins
  6 jackals
  2 quokkas
  3 frilled lizards
  2 gnoll zombies (Ossuary)
  3 hobgoblin zombies (Ossuary)
  8 kobolds
  2 kobold zombies (Ossuary)
  An orc zombie (Ossuary)
  11 rats
270 creatures vanquished.

Vanquished Creatures (collateral kills)
  A yak (D:8)
  2 bullfrogs
  A killer bee (D:7)
  An orc priest (D:7)
  5 gnolls (D:7)
  An ufetubus (D:7)
  An orc (D:8)
  A kobold (D:9)
13 creatures vanquished.

Vanquished Creatures (others)
  3 knights
3 creatures vanquished.

Grand Total: 286 creatures vanquished

Notes
Turn   | Place    | Note
-------+----------+-------------------------------------------
     0 | D:1      | porpoise the Minotaur Hunter began the quest for the Orb.
     0 | D:1      | Reached XP level 1. HP: 18/18 MP: 0/0
    83 | D:1      | Got Cenianoy's Basics of Witchcraft
   124 | D:1      | Reached skill level 1 in Armour
   167 | D:1      | Reached XP level 2. HP: 25/25 MP: 1/1
   394 | D:1      | Found Hipysm's Antique Weapon Boutique.
  1047 | D:2      | Reached XP level 3. HP: 31/31 MP: 2/2
  1140 | D:2      | Reached skill level 5 in Ranged Weapons
  1235 | D:2      | Reached XP level 4. HP: 39/39 MP: 3/3
  1524 | D:3      | Found a sparkling altar of Nemelex Xobeh.
  1547 | D:3      | Noticed Robin
  1556 | D:3      | Killed Robin
  1646 | D:3      | Found a glowing drain.
  1676 | Sewer    | Entered a sewer
  1782 | Sewer    | Reached XP level 5. HP: 46/46 MP: 4/4
  1931 | D:3      | Noticed Jessica
  1937 | D:3      | Killed Jessica
  2028 | D:3      | Found a faded altar of an unknown god.
  2203 | D:3      | Found a radiant altar of Vehumet.
  2203 | D:3      | Noticed a frost-covered statue
  2215 | D:3      | Reached skill level 6 in Ranged Weapons
  2227 | D:3      | Noticed Ijyb
  2243 | D:3      | HP: 1/47 [constriction (3)]
  2247 | D:3      | Killed Ijyb
  2605 | D:4      | Found a shimmering blue altar of Sif Muna.
  2652 | D:4      | Found a staircase to the Ecumenical Temple.
  2659 | Temple   | Entered the Ecumenical Temple
  2930 | D:4      | Reached XP level 6. HP: 55/55 MP: 5/5
  2948 | D:4      | Reached skill level 5 in Fighting
  3140 | D:4      | Found a sacrificial altar of Ru.
  3140 | D:4      | Found a hazy altar of Hepliaklqana.
  3146 | D:4      | Became a worshipper of Hepliaklqana the Forgotten
  3201 | D:5      | Entered Level 5 of the Dungeon
  3306 | D:5      | Noticed Pikel
  3331 | D:5      | Killed Pikel
  3332 | D:5      | Reached skill level 8 in Ranged Weapons
  3332 | D:5      | Reached XP level 7. HP: 19/63 MP: 6/6
  3613 | D:5      | Found an opulent altar of Gozag.
  3688 | D:5      | Reached skill level 5 in Armour
  3688 | D:5      | Reached XP level 8. HP: 30/71 MP: 7/7
  3871 | D:5      | Identified the +0 spear of the Original Sin {heavy, Str+2}
  3970 | D:5      | Reached skill level 1 in Axes
  3971 | D:5      | Reached skill level 9 in Ranged Weapons
  4389 | D:6      | Found a sand-covered staircase.
  4397 | Ossuary  | Entered an ossuary
  5001 | D:6      | Found a snail-covered altar of Cheibriados.
  5180 | D:6      | Reached skill level 10 in Ranged Weapons
  5295 | D:6      | Reached * piety under Hepliaklqana
  5507 | D:7      | Reached XP level 9. HP: 70/72 MP: 8/8
  5723 | D:7      | Found Urujoina's General Store.
  5757 | D:7      | Identified a scroll of acquirement
  5757 | D:7      | Acquired a +4 longbow of draining
  5793 | D:7      | Found Pyeff's Distillery.
  5802 | D:7      | Bought a potion of heal wounds for 75 gold pieces
  5802 | D:7      | Bought a potion of heal wounds for 75 gold pieces
  6139 | D:7      | Found a hide-covered altar of Uskayaw.
  6227 | D:7      | Reached skill level 5 in Axes
  6227 | D:7      | Reached skill level 11 in Ranged Weapons
  6315 | D:7      | Reached ** piety under Hepliaklqana
  6316 | D:7      | Remembered your ancestor Nikki as a knight
  6489 | D:8      | Noticed a two-headed ogre
  6551 | D:8      | Found Qephy's Magic Scroll Emporium.
  6552 | D:8      | Noticed Psyche
  6554 | D:8      | Killed Psyche
  6795 | D:8      | Reached skill level 1 in Invocations
  6795 | D:8      | Noticed a gargoyle
  6808 | D:8      | Reached skill level 12 in Ranged Weapons
  6808 | D:8      | Reached XP level 10. HP: 77/81 MP: 8/10
  6809 | D:8      | Killed a gargoyle
  6819 | D:8      | Noticed a four-headed hydra
  6826 | D:8      | Killed a four-headed hydra
  7236 | D:8      | Killed a two-headed ogre
  7342 | D:9      | Identified the +0 pair of gloves of Egalitarianism {rElec
                  | rCorr Str-5 Slay+5}
  7513 | D:9      | Reached skill level 13 in Ranged Weapons
  7875 | D:9      | Found a staircase to the Orcish Mines.
  7904 | D:9      | Reached XP level 11. HP: 87/87 MP: 13/13
  7968 | Orc:1    | Entered Level 1 of the Orcish Mines
  7998 | Orc:1    | Noticed Snorg
  8014 | Orc:1    | Killed Snorg
  8015 | Orc:1    | Reached skill level 14 in Ranged Weapons
  8015 | Orc:1    | Reached skill level 5 in Invocations
  8153 | Orc:1    | Noticed an ettin
  8164 | Orc:1    | Killed an ettin
  8198 | Orc:1    | Reached skill level 15 in Ranged Weapons
  8199 | Orc:1    | Hit by a large rock thrown by a cyclops

Illustrated notes

Levels and vault maps discovered:
D:1:      elethiomel_arrival_shortcut, layout_basic, serial_shops, shop,
          minmay_tiny_reverse_x
D:2:      layout_basic, wad_floor_pattern_2, st_stairs_9
D:3:      layout_basic, vehumet_statue, mainiacjoe_overflow_surrounded_room,
          cheibrodos_sewer_entry_drain, hellmonk_ecumenical_altar_zigzags,
          uniq_ijyb, uniq_jessica, uniq_robin
D:4:      layout_basic, led_sif_pool, nicolae_overflow_two_pavilions,
          minmay_temple_entry_ruins
D:5:      layout_basic, overflow_temple_1_default, uniq_pikel
D:6:      layout_loops_ring, lemuel_doored_altar, enter_ossuary_3
D:7:      layout_basic, mainiacjoe_overflow_alcove_1, serial_shops,
          nicolae_stop_n_shop_1, nicolae_square_shop, grunt_ministairs_5
D:8:      minmay_slanted_spiral_squares, layout_loops_ring, serial_shops,
          nicolae_stop_n_shop_2, uniq_psyche
D:9:      layout_roguey, grunt_ministairs_9
Temple:   hellmonk_temple_two_chambers
Orc:1:    giant_chief_lemuel, layout_caves, hellmonk_bongcloud_opening,
          uniq_snorg

Skill      XL: |  1  2  3  4  5  6  7  8  9 10 11 |
---------------+----------------------------------+-----
Armour         | 1 2 3 4 5 6 7 |  7.0
Fighting       | 3 4 6 7 9 |  9.0
Ranged Weapons | 5 6 8 10 12 13 15 | 15.0
Axes           | 3 6 |  6.0
Invocations    | 1 4 5 |  5.0
Dodging        | 3 4 |  4.6
Stealth        | |  0.7

Action                     |  1- 3 |  4- 6 |  7- 9 | 10-12 || total
---------------------------+-------+-------+-------+-------++-------
  Melee: Hand axe          |     2 |    21 |    21 |       ||    44
         Headbutt          |       |     1 |     6 |       ||     7
   Fire: Shortbow          |    77 |   229 |   231 |       ||   537
         Longbow           |       |       |    94 |   195 ||   289
 Invoke: Ancestor Identity |       |       |     1 |       ||     1
         Ancestor Life: Kn |       |       |     1 |       ||     1
    Use: Scroll            |       |     9 |    10 |       ||    19
         Potion            |       |     3 |     1 |     1 ||     5
 Armour: Leather armour    |     2 |       |       |       ||     2
         Ring mail         |     8 |    58 |    60 |    31 ||   157
         Troll leather arm |       |       |       |     1 ||     1
  Dodge: Dodged            |    11 |    89 |    74 |    39 ||   213
